cohdb
Replays
Latest Replays
All Replays
Popular Replays
Top Player Replays
Match Explorer
How It Works
Community
CoH3 Stats
Reddit
Sign in to upload your games and track your stats! →
Sign in with Steam
Match 42029317
Unlisted
Match 42029317
Overview
Messages
Build Orders
End
Panzergrenadier Squad
Panzergrenadier Squad
Kradschützen Motorcycle Team
Construct Light Support Kompanie
Assault Grenadier Squad
Assault Mechanized Group
Fire Support Elements
2.5-tonne Medical Truck
Flakvierling Half-track
Panzergrenadier Squad
Selects Battlefield Espionage Battlegroup
Selects Intel Disruption Beacon
Selects Plunder
Selects 250/3 Funkpanzerwagen
Veteran Squad Leaders
Pak 38 Mechanized Group
Construct Panzerarmee Kommand
Selects Advanced Ambush Training
Walking Stuka Rocket Launcher
Selects Firestorm
Pak 38 Anti-tank Gun Team
Walking Stuka Rocket Launcher
KingImRing
srednevik
嗷呜嗷
Sparkle
Mo-J
Wheeler
0
0
Comments
sign in to comment!
No comments posted yet!